 Dungeon Crawl Stone Soup version 0.31-a0-986-g5e6e4ef867 (webtiles) character file.

Game seed: 6993886114802477090

85595 zenocrate the Frost Mage (level 15, -19/195 HPs)
             Began as a Green Draconian Ice Elementalist on Nov 15, 2023.
             Was a High Priest of Sif Muna.
             Killed from afar by a will-o-the-wisp (25 damage)
             ... with a foxfire
             ... on level 1 of the Swamp.
             The game lasted 00:48:30 (29376 turns).

zenocrate the Frost Mage (DrIE)                    Turns: 29376, Time: 00:48:31

Health: -19/195    AC: 27    Str: 10    XL:     15   Next: 38%
Magic:  15/30      EV:  2    Int: 28    God:    Sif Muna [*****.]
Gold:   1134       SH: 11    Dex: 17    Spells: 0/37 levels left

rFire   . . .        b - +9 trident of Gozag, Forging {drain, Dex+4}
rCold   + . .        Y - +0 buckler
rNeg    . . .        (body armour unavailable)
rPois   +            O - melded +2 hat {Will+}
rElec   .            K - melded +2 cloak
rCorr   .            y - melded +2 pair of gloves
SInv    .            U - melded +0 pair of boots
Will    +....        h - amulet of reflection
Stlth   ++           x - ring of protection from cold
HPRegen 0.52/turn    S - +6 ring of intelligence
MPRegen 0.22/turn

%: reflection, clarity
@: tree-form, hasted, slow
A: stationary, stasis, torment immunity, boosted hp, (breathe noxious fumes), AC
+9, unfitting armour, (stinger 1), (poison resistance), (cold-blooded), (talons
1), clarity
a: Renounce Religion, Channel Magic, Forget Spell, Divine Exegesis


You were on level 1 of the Swamp.
You worshipped Sif Muna.
Sif Muna was extremely pleased with you.
You were a tree.
You visited 5 branches of the dungeon, and saw 20 of its levels.

You collected 2033 gold pieces.
You spent 899 gold pieces at shops.

Inventory:

Hand Weapons
 b - the +9 trident of Gozag, Forging (weapon) {drain, Dex+4}
   (You bought it in a shop on level 2 of the Orcish Mines)

   Dex+4:     It affects your dexterity (+4).
Armour
 y - a +2 pair of gloves (melded)
 K - a +2 cloak (melded)
 O - a +2 hat of willpower (melded)
 U - a +0 pair of boots (melded)
 Y - a +0 buckler (worn)
Magical Staves
 a - a staff of conjuration
Jewellery
 h - an amulet of reflection (around neck)
 p - a ring of positive energy
 x - a ring of protection from cold (left branch)
 A - a ring of resist corrosion
 S - a +6 ring of intelligence (right branch)
Talismans
 W - a granite talisman
Wands
 o - a wand of polymorph (7)
 s - a wand of mindburst (7)
 B - a wand of flame (40)
 M - a wand of quicksilver (6)
Scrolls
 d - 3 scrolls of blinking
 f - 4 scrolls of fog
 g - 3 scrolls of revelation
 k - 3 scrolls of vulnerability
 t - 2 scrolls of immolation {unknown}
 u - 3 scrolls of poison {unknown}
 v - a scroll of noise {unknown}
 w - 2 scrolls of enchant weapon {unknown}
 z - 3 scrolls of teleportation
 F - 3 scrolls of fear
 G - 2 scrolls of torment {unknown}
 I - a scroll of acquirement {unknown}
 P - a scroll of silence {unknown}
Potions
 c - a potion of might
 e - 5 potions of resistance
 i - a potion of curing
 j - 4 potions of brilliance
 m - a potion of cancellation
 n - 4 potions of magic
 q - 3 potions of ambrosia
 r - a potion of berserk rage
 C - 4 potions of haste
 E - a potion of heal wounds
 R - 4 potions of enlightenment
Miscellaneous
 V - a sack of spiders (inert)


   Skills:
 + Level 11.2 Fighting
 + Level 10.7 Dodging
 - Level 3.1 Stealth
 - Level 7.4 Shields
 - Level 2.0 Unarmed Combat
 + Level 11.8 Spellcasting
 + Level 4.5 Conjurations
 + Level 2.8 Fire Magic
 - Level 13.2 Ice Magic
 - Level 3.7 Air Magic
 * Level 3.7 Earth Magic
 + Level 8.3 Invocations
 + Level 7.7 Evocations


You couldn't memorise any spells.
You knew the following spells:

 Your Spells              Type           Power      Damage    Failure   Level
a - Sticky Flame          Conj/Fire      37%        2d6       10%         4
b - Frozen Ramparts       Ice            100%       1d16      1%          3
c - Ozocubu's Armour      Ice            74%        N/A       1%          3
d - Freezing Cloud        Conj/Ice/Air   27%        6-21      7%          5
e - Enfeeble              Hex            8%         N/A       100%        7
f - Maxwell's Capacitive  Air            18%        ∞         100%        8
g - Freeze                Ice            100%       1d10      1%          1
h - Bombard               Conj/Erth      19%        9d4       77%         6

Your spell library contained the following spells:

 Spells                   Type           Power      Damage    Failure   Level
 Summon Ice Beast         Ice/Summ       52%        N/A       3%          4
 Slow                     Hex            64%        N/A       4%          1
 Summon Small Mammal      Summ           64%        N/A       4%          1
 Mephitic Cloud           Conj/Pois/Air  32%        N/A       4%          3
 Lesser Beckoning         Tloc           32%        N/A       7%          2
 Wereblood                Tmut           16%        N/A       7%          2
 Inner Flame              Hex/Fire       24%        N/A       8%          3
 Metabolic Englaciation   Hex/Ice        26%        N/A       9%          5
 Flame Wave               Conj/Fire      37%        2d10      10%         4
 Confusing Touch          Hex            16%        N/A       14%         3
 Gell's Gravitas          Tloc           16%        N/A       14%         3
 Sigil of Binding         Hex            16%        N/A       14%         3
 Summon Guardian Golem    Hex/Summ       16%        N/A       14%         3
 Teleport Other           Tloc           16%        N/A       14%         3
 Tukima's Dance           Hex            16%        N/A       14%         3
 Vampiric Draining        Necr           16%        2d7       14%         3
 Iskenderun's Battlesphe  Conj           42%        2d9       19%         5
 Irradiate                Conj/Tmut      14%        3d16      45%         5
 Silence                  Hex/Air        13%        N/A       50%         5
 Spellforged Servitor     Conj/Summ      14%        N/A       100%        7


Dungeon Overview and Level Annotations

Branches:
Dungeon (11/15)            Temple (1/1) D:5            Lair (5/5) D:8
  Swamp (1/4) Lair:3        Snake (0/4) Lair:2        Slime (0/5) Lair:4
    Orc (2/2) D:10            Elf (0/3) Orc:2

Altars:
Ashenzari
Cheibriados
Dithmenos
Elyvilon
Fedhas
Gozag
Hepliaklqana
Kikubaaqudgha
Makhleb
Nemelex Xobeh
Okawaru
Qazlal
Ru
Sif Muna
Trog
Uskayaw
Vehumet
Wu Jian
Xom
Yredelemnul
Zin
The Shining One
Jiyva

Shops:
D:10 *   Orc:1 !   Orc:2 *=[([


Innate Abilities, Weirdness & Mutations

You are a tree.
Your roots penetrate the ground, keeping you stationary.
You cannot be teleported.
You are immune to unholy pain and torment.
Your maximum health is greatly increased.
Your equipment is partially melded.
((You can breathe blasts of noxious fumes.))
((Your lurid green scales are hard. (AC +9)))
You cannot fit into any form of body armour.
((Your tail ends in a venomous barb.))
((Your system is resistant to poisons. (rPois)))
((You are cold-blooded and may be slowed by cold attacks.))
((You have sharp toenails.))
You possess an exceptional clarity of mind.


Message History

Aim: a spriggan rider, wielding a +0 spear (lightly wounded, about 48% to evade the +9 trident of Gozag, Forging)
You reach to attack!
You puncture the spriggan rider!
The spriggan rider is moderately wounded.
The spriggan rider hits you but does no damage.
Unknown command.
Reach: b) +9 trident of Gozag, Forging {drain, Dex+4}
Press: ? - help, Dir - move target, f/p - spriggan rider
Aim: a spriggan rider, wielding a +0 spear (moderately wounded, about 48% to evade the +9 trident of Gozag, Forging)
You reach to attack!
You completely miss the spriggan rider.
The spriggan rider is moderately wounded.
You block the spriggan rider's attack.
Unknown command.
Reach: b) +9 trident of Gozag, Forging {drain, Dex+4}
Press: ? - help, Dir - move target, f/p - spriggan rider
Aim: a spriggan rider, wielding a +0 spear (moderately wounded, about 48% to evade the +9 trident of Gozag, Forging)
You reach to attack!
You puncture the spriggan rider! You drain the spriggan rider.
The spriggan rider is heavily wounded.
The spriggan rider hits you but does no damage.
You block the will-o-the-wisp's attack.
Unknown command.
Reach: b) +9 trident of Gozag, Forging {drain, Dex+4}
Press: ? - help, Dir - move target, f/p - spriggan rider
Aim: a spriggan rider, wielding a +0 spear (moderately wounded, lightly drained, about 48% to evade the +9 trident of Gozag, Forging)
You reach to attack!
You barely miss the spriggan rider.
The spriggan rider is moderately wounded.
The spriggan rider hits you but does no damage.
The will-o-the-wisp gestures.
The will-o-the-wisp conjures some marshlight! 2 foxfires come into view.
Unknown command.
Reach: b) +9 trident of Gozag, Forging {drain, Dex+4}
Press: ? - help, Dir - move target, f/p - spriggan rider
Aim: a spriggan rider, wielding a +0 spear (moderately wounded, lightly drained, about 48% to evade the +9 trident of Gozag, Forging)
You reach to attack!
You closely miss the spriggan rider.
The spriggan rider is moderately wounded.
The foxfire hits you!!
* * * LOW HITPOINT WARNING * * *
The foxfire hits you!!
You die...

♣..~~~~~.~~~.~~~
.
..♣.~♣~~..~~.~~♣
.
♣♣..~~.~.~♣.~~.
♣♣~♣♣♣..~~~♣.♣♣
♣...♣..~...♣♣♣
♣♣§.....~....♣
♣..~.~i...♣♣.♣
♣♣.♣.v♣..~♣
♣♣♣♣v.~♣♣♣
♣.§§~~♣
♣~)~$)./...
~~..~§♣♣♣♣♣♣
.~..♣.♣♣
♣♣..~... ♣♣♣~...
♣♣♣?.


You could see a spriggan rider (drained) and a will-o-the-wisp.

Vanquished Creatures
  Nikola (Swamp:1)
  Kirke (Swamp:1)
  An orc warlord (Orc:2)
  An ettin (Orc:1)
  5 catoblepae
  3 alligators
  4 hydras
  3 centaur warriors (D:10)
  Erica (D:9)
  14 death yaks (Lair:5)
  4 boulder beetles
  A tengu warrior (D:10)
  An orc high priest (Orc:1)
  3 two-headed ogres
  Amaemon (Lair:3)
  2 goliath frogs (Swamp:1)
  A skyshark (Lair:3)
  A lindwurm (Lair:2)
  Pikel (D:7)
  3 orc knights
  2 bog bodies
  3 orc sorcerers
  A manticore (Lair:5)
  An oklob plant (Lair:2)
  A salamander (Lair:2)
  5 black mambas
  18 elephants
  Maurice (D:9)
  An orange demon (Lair:3)
  10 cane toads
  Maggie (D:9)
  Psyche (D:9)
  8 komodo dragons
  5 polar bears
  7 trolls
  4 hornets
  21 blink frogs
  11 dream sheep (Lair:4)
  A spriggan (Swamp:1)
  Sigmund (D:6)
  4 wraiths
  53 yaks
  3 basilisks
  7 wyverns
  5 hogs (Swamp:1)
  4 fire bats (Lair:4)
  4 steam dragons
  3 nagas (Lair:2)
  4 swamp worms (Swamp:1)
  7 wargs
  Duvessa (D:7)
  20 water moccasins
  36 orc warriors
  An ice beast (D:5)
  6 black bears
  A sky beast (D:8)
  11 ogres
  18 wolves
  7 centaurs
  4 lemures (D:7)
  3 phantoms
  A kobold brigand (D:8)
  Blork the orc (D:6)
  9 bullfrogs
  A gnoll sergeant (D:5)
  2 scorpions
  3 wights (D:9)
  Dowan (D:7)
  4 killer bees (D:10)
  3 howler monkeys
  4 hounds
  23 orc priests
  2 jellies (D:6)
  A sleepcap (D:7)
  2 iguanas
  20 orc wizards
  11 hell rats
  4 adders
  9 gnolls
  A white imp (D:7)
  2 ufetubi (D:5)
  A worm (D:2)
  94 orcs
  2 ball pythons
  An endoplasm (D:1)
  4 giant cockroaches
  4 goblins
  5 hobgoblins
  6 jackals
  10 kobolds
  2 quokkas
  7 bats
  4 frilled lizards
  2 rats
603 creatures vanquished.

Vanquished Creatures (collateral kills)
  An orc warlord (Orc:1)
  An eleionoma (Swamp:1)
  A tyrant leech (Swamp:1)
  A hog (Swamp:1)
4 creatures vanquished.

Vanquished Creatures (others)
  A spriggan (Swamp:1)
  A manticore (Lair:5)
  A bloated husk (Swamp:1)
  A hornet (Swamp:1)
  A human (Swamp:1)
  An orc wizard (Orc:2)
  3 foxfires (Swamp:1)
9 creatures vanquished.

Grand Total: 616 creatures vanquished

Notes
Turn   | Place    | Note
-------+----------+-------------------------------------------
     0 | D:1      | zenocrate the Draconian Ice Elementalist began the quest
                  | for the Orb.
     0 | D:1      | Reached XP level 1. HP: 14/14 MP: 3/3
   461 | D:1      | Reached XP level 2. HP: 20/20 MP: 3/5
  1386 | D:2      | Reached XP level 3. HP: 26/26 MP: 4/6
  1560 | D:2      | Reached skill level 1 in Unarmed Combat
  1828 | D:2      | Learned a level 3 spell: Frozen Ramparts
  1832 | D:2      | Learned a level 3 spell: Ozocubu's Armour
  1915 | D:3      | Found a burning altar of Makhleb.
  2311 | D:3      | Reached skill level 1 in Fighting
  2608 | D:3      | Reached XP level 4. HP: 27/35 MP: 3/8
  2743 | D:3      | Reached skill level 5 in Ice Magic
  2743 | D:3      | Reached XP level 5. HP: 34/41 MP: 3/9
  2924 | D:4      | Found a hazy altar of Hepliaklqana.
  2924 | D:4      | Found a stormy altar of Qazlal.
  3522 | D:5      | Entered Level 5 of the Dungeon
  3522 | D:5      | Noticed a phantom
  3540 | D:5      | Killed a phantom
  3541 | D:5      | Reached XP level 6. HP: 50/51 MP: 11/11
  3581 | D:5      | Found a shimmering blue altar of Sif Muna.
  3663 | D:5      | Became a worshipper of Sif Muna the Loreminder
  3768 | D:5      | Found a staircase to the Ecumenical Temple.
  3786 | D:5      | Noticed a water moccasin
  3792 | D:5      | Killed a water moccasin
  3793 | D:5      | Your scales start taking on a lurid green colour.
  3793 | D:5      | Reached XP level 7. HP: 57/57 MP: 3/13
  3793 | D:5      | Gained mutation: Your system is resistant to poisons.
                  | (rPois) [Green Draconian growth]
  3872 | Temple   | Entered the Ecumenical Temple
  4034 | D:5      | Reached skill level 6 in Ice Magic
  4442 | D:5      | Reached skill level 5 in Spellcasting
  4532 | D:5      | Reached XP level 8. HP: 39/63 MP: 6/15
  4983 | D:5      | Reached skill level 7 in Ice Magic
  5262 | D:6      | Identified the +0 leather armour "Vurraa Ysuen" {+Inv rPois
                  | Int+7 Dex-4}
  5310 | D:6      | Reached * piety under Sif Muna
  5566 | D:6      | Noticed Blork the orc
  5580 | D:6      | Killed Blork the orc
  5749 | D:6      | Noticed Sigmund
  5759 | D:6      | Killed Sigmund
  5760 | D:6      | Reached skill level 5 in Dodging
  6182 | D:7      | Noticed Duvessa
  6183 | D:7      | Noticed Dowan
  6190 | D:7      | Killed Dowan
  6197 | D:7      | Killed Duvessa
  6278 | D:7      | Found a shadowy altar of Dithmenos.
  6365 | D:7      | Noticed Pikel
  6387 | D:7      | Killed Pikel
  6388 | D:7      | Reached skill level 8 in Ice Magic
  6388 | D:7      | Reached XP level 9. HP: 69/70 MP: 9/19
  7116 | D:7      | Reached ** piety under Sif Muna
  7243 | D:7      | Reached skill level 5 in Fighting
  7243 | D:7      | Reached skill level 9 in Ice Magic
  7899 | D:8      | Reached XP level 10. HP: 63/83 MP: 11/21
  7997 | D:8      | Found a staircase to the Lair.
  8276 | D:8      | Paralysed by a hornet for 3 turns
  8718 | Lair:1   | Entered Level 1 of the Lair of Beasts
  8732 | Lair:1   | Noticed a cane toad
  8741 | Lair:1   | Killed a cane toad
  8742 | Lair:1   | Reached skill level 10 in Ice Magic
  9822 | Lair:1   | Reached skill level 11 in Ice Magic
  9828 | Lair:1   | Reached XP level 11. HP: 86/92 MP: 20/24
 10411 | Lair:2   | Reached skill level 1 in Evocations
 10425 | Lair:2   | Reached skill level 1 in Invocations
 10426 | Lair:2   | Found a frozen archway.
 10641 | Lair:2   | Noticed a boulder beetle
 10682 | Lair:2   | Killed a boulder beetle
 10683 | Lair:2   | Reached skill level 1 in Shields
 10750 | Lair:2   | Noticed a catoblepas
 10778 | Lair:2   | Killed a catoblepas
 11245 | Lair:2   | Noticed an oklob plant
 11260 | Lair:2   | Killed an oklob plant
 11674 | Lair:2   | Found a staircase to the Snake Pit.
 11925 | Lair:2   | Reached *** piety under Sif Muna
 12120 | Lair:2   | Identified the serpent talisman of the Land of Plenty
                  | {Dex+3}
 12142 | Lair:2   | Reached XP level 12. HP: 68/102 MP: 25/25
 12153 | Lair:2   | Reached skill level 10 in Spellcasting
 13165 | Lair:3   | Found a staircase to the Swamp.
 13262 | Lair:3   | Noticed Amaemon
 13285 | Lair:3   | Killed Amaemon
 13638 | Lair:3   | Reached skill level 12 in Ice Magic
 13811 | Lair:3   | Reached skill level 5 in Invocations
 14482 | Lair:3   | Reached **** piety under Sif Muna
 15275 | Lair:4   | Reached skill level 5 in Shields
 15275 | Lair:4   | Reached skill level 5 in Evocations
 15382 | Lair:4   | Reached XP level 13. HP: 65/111 MP: 19/27
 16194 | Lair:4   | Found a staircase to the Slime Pits.
 16194 | Lair:4   | Found a viscous altar of Jiyva.
 16734 | Lair:5   | Entered Level 5 of the Lair of Beasts
 17532 | Lair:4   | Reached ***** piety under Sif Muna
 18580 | Lair:5   | Identified the "Itarioh" (Sif Muna gifted it to you on
                  | level 5 of the Lair of Beasts)
 18580 | Lair:5   | Received a gift from Sif Muna
 18618 | Lair:5   | Reached skill level 10 in Fighting
 18624 | Lair:5   | Learned a level 5 spell: Freezing Cloud
 18632 | Lair:5   | Learned a level 7 spell: Enfeeble
 18641 | Lair:5   | Learned a level 8 spell: Maxwell's Capacitive Coupling
 19172 | Lair:5   | Reached skill level 1 in Conjurations
 19172 | Lair:5   | Reached skill level 1 in Air Magic
 19541 | Lair:5   | Identified the +7 long sword "Fukara" {flame, rElec rPois}
 19672 | Lair:5   | Gained mutation: Your tail ends in a venomous barb. [Green
                  | Draconian growth]
 19672 | Lair:5   | Reached XP level 14. HP: 70/121 MP: 15/29
 19679 | Lair:5   | Reached skill level 10 in Dodging
 20584 | Lair:5   | Reached skill level 1 in Earth Magic
 20804 | Lair:5   | Gained mutation: You possess an exceptional clarity of
                  | mind. [potion of mutation]
 20804 | Lair:5   | Gained mutation: You have sharp toenails. [potion of
                  | mutation]
 21340 | D:9      | Noticed Psyche
 21351 | D:9      | Killed Psyche
 21660 | D:9      | Noticed Maurice
 21674 | D:9      | Killed Maurice
 21957 | D:9      | Noticed Erica
 21965 | D:9      | Killed Erica
 22042 | D:9      | Found a hide-covered altar of Uskayaw.
 22162 | D:9      | Noticed Maggie
 22187 | D:9      | Killed Maggie
 22332 | D:9      | Reached skill level 13 in Ice Magic
 22540 | D:10     | Entered Level 10 of the Dungeon
 22645 | D:10     | Found an ornate altar of the Wu Jian Council.
 22739 | D:10     | Received a gift from Sif Muna
 23415 | D:10     | Found Hohol's Demolitions Depot.
 23558 | D:10     | Bought a book of Flames for 336 gold pieces
 23566 | D:10     | Learned a level 4 spell: Sticky Flame
 23613 | D:10     | Found a sacrificial altar of Ru.
 23689 | D:10     | Found a staircase to the Orcish Mines.
 23812 | Orc:1    | Entered Level 1 of the Orcish Mines
 24225 | Orc:1    | Reached skill level 1 in Fire Magic
 24510 | Orc:1    | Found Gavul's Distillery.
 24601 | Orc:1    | Bought a potion of heal wounds for 55 gold pieces
 24601 | Orc:1    | Bought a potion of heal wounds for 55 gold pieces
 24601 | Orc:1    | Bought a potion of brilliance for 44 gold pieces
 24601 | Orc:1    | Bought 2 potions of enlightenment for 110 gold pieces
 24718 | Orc:2    | Entered Level 2 of the Orcish Mines
 24835 | Orc:2    | Noticed an orc warlord
 24955 | Orc:1    | Killed an orc warlord
 25462 | Orc:2    | Identified the "Goclaurhi" (Sif Muna gifted it to you on
                  | level 2 of the Orcish Mines)
 25462 | Orc:2    | Received a gift from Sif Muna
 25933 | Orc:2    | Found Hausm's Armour Emporium.
 26194 | Orc:1    | Reached XP level 15. HP: 128/128 MP: 25/30
 26373 | Orc:2    | Found Kosmu's Jewellery Emporium.
 26397 | Orc:2    | Found a staircase to the Elven Halls.
 26567 | Orc:2    | Paralysed by an orc sorcerer for 2 turns
 26645 | Orc:2    | Received a gift from Sif Muna
 26778 | Orc:2    | Learned a level 6 spell: Bombard
 26783 | Orc:2    | Found Xaliaj's Antique Weapon Emporium.
 26785 | Orc:2    | Found Zeeceuhobu's Antique Armour Shoppe.
 26798 | Orc:2    | Bought a smoking trident for 229 gold pieces
 26798 | Orc:2    | Identified the +9 trident of Gozag, Forging {drain, Dex+4}
                  | (You bought it in a shop on level 2 of the Orcish Mines)
 26991 | Orc:2    | Found Joets's General Store.
 27094 | Orc:2    | Bought a scroll of identify for 28 gold pieces
 27094 | Orc:2    | Bought a scroll of teleportation for 42 gold pieces
 28371 | Swamp:1  | Entered Level 1 of the Swamp
 28832 | Swamp:1  | Noticed Kirke
 28863 | Swamp:1  | Killed Kirke
 29346 | Swamp:1  | Noticed Nikola
 29370 | Swamp:1  | Killed Nikola
 29376 | Swamp:1  | HP: 6/195 [will-o-the-wisp/foxfire (21)]
 29376 | Swamp:1  | Killed from afar by a will-o-the-wisp

Illustrated notes

Levels and vault maps discovered:
D:1:      minmay_arrival_arboretum_large, layout_basic
D:2:      layout_basic
D:3:      layout_rooms, mainiacjoe_overflow_concentric_impassable,
          wad_rectangle_vault
D:4:      layout_gridville, mainiacjoe_overflow_divided_tiny
D:5:      layout_basic, mainiacjoe_overflow_boulevard,
          minmay_temple_entry_water_ring
D:6:      layout_basic, uniq_blork_the_orc, uniq_sigmund
D:7:      layout_basic, mainiacjoe_overflow_surrounded_room, st_stairs_7,
          uniq_duvessa, uniq_pikel
D:8:      layout_gridville, lair_entry_dummy
D:9:      wad_pebble_path, layout_gridville,
          nicolae_uskayaw_murder_on_the_dancefloor, grunt_decor_cap, uniq_erica,
          uniq_psyche, uniq_maggie, uniq_maurice
D:10:     layout_big_octagon, old_standard_altar,
          nicolae_wu_jian_immortal_techniques, minmay_orc_entry_guard_dogs,
          nicolae_blasting_shop, nicolae_doodle_vault
D:11:     layout_loops_ring
Temple:   jpeg_temple_clearing
Lair:1:   layout_layer_cave, small_statue_intersection
Lair:2:   nzn_winding_woodlands_three_and_one
          [nzn_winding_woodlands_5x15_pockets,
          nzn_winding_woodlands_5x15_zeroes,
          nzn_winding_woodlands_5x15_sidewinder,
          nzn_winding_woodlands_center_lodge], layout_regular_city,
          alex1729_snake_entry_snake, portal_ice_cave_entry_pillars_2
Lair:3:   layout_layer_cave, skrybe_swamp_entry_bodies,
          infiniplex_staircase_pool, uniq_amaemon
Lair:4:   beast_lair_carwin_large_4, layout_regular_city, slime_entry_1
Lair:5:   evilmike_catoblepas_cave, layout_gridlike, st_stairs_9,
          gammafunk_lair_bear_cave, serial_bayou_shore_b
Swamp:1:  layout_falls_marsh, nicolae_swamp_triple_paths, uniq_mlioglotl,
          uniq_nikola, uniq_kirke
Orc:1:    layout_diamond_mine, serial_shops, nicolae_shop_industrial_runoff,
          hellmonk_talismancer
Orc:2:    grunt_orc_community_town_hall, layout_caves,
          grunt_orc_community_big_house_2, grunt_orc_community_big_house_2,
          grunt_orc_community_house_2, grunt_orc_community_house_3,
          grunt_orc_community_house_2, grunt_orc_community_house_2,
          grunt_orc_community_house_1, serial_shops,
          nicolae_shop_advertising_works [nicolae_subvault_shop_adworks],
          basic_altar, minmay_orc_temple_a

Skill      XL: |  1  2  3  4  5  6  7  8  9 10 11 12 13 14 15 |
---------------+----------------------------------------------+-----
Unarmed Combat | 1 2 |  2.0
Fighting       | 1 2 3 5 7 8 9 10 11 | 11.2
Spellcasting   | 3 4 5 6 7 9 10 11 | 11.8
Ice Magic      | 5 6 8 9 11 12 13 | 13.2
Dodging        | 2 3 5 6 8 9 10 | 10.7
Stealth        | 3 |  3.1
Evocations     | 3 5 6 7 |  7.7
Invocations    | 3 5 6 7 8 |  8.3
Shields        | 3 5 6 7 |  7.4
Conjurations   | 1 3 4 |  4.5
Air Magic      | 1 3 |  3.7
Earth Magic    | 2 3 |  3.7
Fire Magic     | 1 2 |  2.8

Action                     |  1- 3 |  4- 6 |  7- 9 | 10-12 | 13-15 || total
---------------------------+-------+-------+-------+-------+-------++-------
  Melee: Dagger            |     8 |       |    68 |   457 |   559 ||  1092
         Unarmed           |     3 |       |       |       |       ||     3
         Rapier            |    64 |    45 |   141 |       |       ||   250
         Tailslap          |     6 |     8 |    29 |    88 |   235 ||   366
         Punch             |     1 |       |     2 |    10 |    12 ||    25
         Staff             |       |       |       |       |   277 ||   277
         Kick              |       |       |       |       |    83 ||    83
         Trident           |       |       |       |       |   119 ||   119
   Cast: Freeze            |    48 |    21 |    30 |    50 |   169 ||   318
         Frozen Ramparts   |       |     5 |    24 |    47 |   100 ||   176
         Ozocubu's Armour  |       |     2 |    18 |    30 |    65 ||   115
         Freezing Cloud    |       |       |       |       |    31 ||    31
         Sticky Flame      |       |       |       |       |    15 ||    15
Ability: Breathe Noxious F |       |       |    17 |    37 |    46 ||   100
  Evoke: Wand              |       |       |       |     5 |     8 ||    13
         Sack of spiders   |       |       |       |       |     2 ||     2
    Use: Scroll            |     1 |       |     6 |    10 |    18 ||    35
         Potion            |       |       |       |     1 |    14 ||    15
   Stab: Sleeping          |     3 |     2 |     3 |     2 |     6 ||    16
         Confused          |       |       |     5 |    12 |    14 ||    31
         Distracted        |       |       |       |     2 |     1 ||     3
 Armour: Skin              |    52 |    46 |   170 |   431 |   972 ||  1671
  Dodge: Dodged            |    72 |    41 |   147 |   435 |  1033 ||  1728
  Block: Other             |    20 |    20 |    60 |   150 |   205 ||   455
         Reflection        |       |       |     3 |     1 |     6 ||    10
         Kite shield       |       |       |       |       |   449 ||   449
         Buckler           |       |       |       |       |    62 ||    62

Table legend: (Time is in decaauts)
 A = Elapsed time spent in this place.
 B = Non-inter-level travel time spent in this place.
 C = Inter-level travel time spent in this place.
 D = Time resting spent in this place.
 E = Time spent auto-exploring this place.
 F = Levels seen in this place.
 G = Mean time per level.
                   A        B        C        D        E       F      G
               +--------+--------+--------+--------+--------+-----+--------+
         Total |  29720 |  28604 |   1116 |    677 |  22520 |  20 | 1486.0 |
       Dungeon |  12378 |  11666 |    712 |    225 |   9400 |  11 | 1125.3 |
        Temple |      1 |      1 |      0 |      0 |      0 |   1 |    1.0 |
          Lair |  13102 |  12764 |    338 |    389 |  10114 |   5 | 2620.4 |
         Swamp |    704 |    704 |      0 |      0 |    523 |   1 |  704.0 |
  Orcish Mines |   3533 |   3469 |     64 |     63 |   2482 |   2 | 1766.5 |
               +--------+--------+--------+--------+--------+-----+--------+

Top non-repeatable levels by time:
  Lair:5: 3285 daAuts
  Lair:2: 2845 daAuts
  Lair:4: 2717 daAuts
  Lair:3: 2427 daAuts
   Orc:2: 1842 daAuts
  Lair:1: 1825 daAuts
     D:5: 1697 daAuts
   Orc:1: 1690 daAuts
    D:10: 1472 daAuts
     D:7: 1457 daAuts
     D:9: 1347 daAuts
     D:8: 1158 daAuts
     D:1: 1000 daAuts
     D:6: 982 daAuts
     D:3: 904 daAuts
